 Dungeon Crawl Stone Soup version 0.20-a0-553-gbaa0004 (webtiles) character file.

493 useraccount the Poker (level 6, 0/46 HPs)
             Began as a Cyno Skald on Feb 5, 2017.
             Slain by a centaur (4 damage)
             ... on level 5 of the Dungeon.
             The game lasted 00:06:10 (5159 turns).

useraccount the Poker (Cyno Skald)                  Turns: 5159, Time: 00:06:10

Health: 0/46       AC:  7    Str: 12    XL:     6   Next: 60%
Magic:  11/13      EV: 11    Int: 13    God:
Gold:   221        SH:  0    Dex: 14    Spells: 6/15 levels left

rFire    + . .     SeeInvis .   a - +0 spear
rCold    . . .     Gourm    .   p - +0 ring mail
rNeg     . . .     Faith    .   (no shield)
rPois    .         Spirit   .   q - +2 hat
rElec    .         Reflect  .   (no cloak)
rCorr    .         Harm     .   (no gloves)
MR       .....                  (no boots)
Stlth    +.........             (no amulet)
Regen    0.2/turn               (no ring)
                                f - ring of protection from fire

@: no status effects
A: short attention span, strong nose 1
a: no special abilities


You were on level 5 of the Dungeon.
You were near starving.

You visited 1 branch of the dungeon, and saw 5 of its levels.

You collected 221 gold pieces.

Inventory:

Hand Weapons
 a - a +0 spear (weapon)
Missiles
 o - 6 javelins (quivered)
Armour
 p - a +0 ring mail (worn)
 q - a +2 hat (worn)
Jewellery
 f - a ring of protection from fire (left hand)
Wands
 i - a wand of confusion (29/48)
Scrolls
 k - 2 scrolls of teleportation
 l - a scroll of recharging
Potions
 e - a potion of curing
 h - a potion of ambrosia {unknown}
 j - 2 potions of heal wounds {unknown}
 n - 2 potions of invisibility
Books
 c - a book of Battle

   Spells                             Type                      Level
   a - Infusion                       Charms                       1
   b - Shroud of Golubria             Charms/Translocation         2
   c - Song of Slaying                Charms                       2
   d - Spectral Weapon                Hexes/Charms                 3
   e - Regeneration                   Charms/Necromancy            3
Comestibles
 b - 3 meat rations
 d - 3 bread rations
 m - 3 fruits


   Skills:
 - Level 2.6 Fighting
 + Level 5.6 Polearms
 - Level 1.3 Armour
 - Level 2.6 Dodging
 - Level 5.0 Spellcasting
 + Level 3.6 Hexes
 - Level 5.0 Charms
 + Level 4.2 Necromancy


You had 6 spell levels left.
You knew the following spells:

 Your Spells              Type           Power        Failure   Level  Hunger
a - Infusion              Chrm           ###.         8%          1    None
b - Song of Slaying       Chrm           ###.....     10%         2    ##.....
c - Spectral Weapon       Hex/Chrm       ##......     21%         3    ###....
d - Regeneration          Chrm/Necr      ###.......   21%         3    ###....


Dungeon Overview and Level Annotations

Branches:
Dungeon (5/15)
 Temple: D:4-7

Altars:
Yredelemnul
The Shining One


Innate Abilities, Weirdness & Mutations

You have a short attention span.
You have a good sense of smell.


Message History

Your ring mail prevents you from hitting the centaur.
The centaur is heavily wounded.
Your spectral weapon hits the centaur but does no damage.
The centaur hits you but does no damage.
You barely miss the centaur.
The centaur is heavily wounded.
Your spectral weapon hits the centaur from afar.
The centaur wields an uncursed shortbow.
The centaur shoots an arrow.
The arrow hits you.
* * * LOW HITPOINT WARNING * * *
You hit the centaur.
The centaur is heavily wounded.
Your spectral weapon hits the centaur from afar.
The centaur unwields an uncursed shortbow.
The centaur misses you.
You barely miss the centaur.
The centaur is severely wounded.
Your spectral weapon hits the centaur from afar.
The centaur hits you.
You die...

# #. ##### .# #..
#... .#
###...#####.## ##.#
......c@((<..###..###
........#Z...........
.............###..#
###...#####.Z.....###
#... ###.......# #...
#.##.##.# .... #.##.#
.# .#.. #....##.####
###.>#........


You could see a centaur, a goblin skeleton, an orc skeleton and a friendly
spectral spear.

Vanquished Creatures
  An ogre (D:4)
  A bullfrog (D:3)
  A centaur zombie (D:5)
  3 orc priests
  A centaur skeleton (D:5)
  2 worker ants
  7 adders
  A shadow imp (D:5)
  2 oozes (D:3)
  A dart slug (D:1)
  5 leopard geckos
  4 orcs
  5 bats
  5 giant cockroaches
  2 gnoll zombies (D:2)
  9 goblins
  7 hobgoblins
  3 jackals
  A kobold (D:2)
  A quokka (D:4)
  5 frilled lizards
  An orc zombie (D:5)
  5 rats (D:1)
73 creatures vanquished.

Vanquished Creatures (others)
  A dart slug (D:1)
  A giant cockroach (D:1)
2 creatures vanquished.

Grand Total: 75 creatures vanquished

Notes
Turn   | Place    | Note
-------+----------+-------------------------------------------
     0 | D:1      | useraccount the Cyno Skald began the quest for the Orb.
     0 | D:1      | Reached XP level 1. HP: 17/17 MP: 4/4
   206 | D:1      | Reached XP level 2. HP: 23/23 MP: 1/6
   334 | D:1      | Learned a level 2 spell: Song of Slaying
  1278 | D:2      | Reached XP level 3. HP: 20/28 MP: 8/8
  1569 | D:2      | Found a basalt altar of Yredelemnul.
  1962 | D:3      | Reached XP level 4. HP: 14/34 MP: 0/10
  2191 | D:3      | Learned a level 3 spell: Spectral Weapon
  2195 | D:3      | Learned a level 3 spell: Regeneration
  2619 | D:3      | Reached skill level 5 in Charms
  2755 | D:3      | Reached skill level 1 in Necromancy
  3229 | D:3      | Reached skill level 1 in Hexes
  3382 | D:4      | Reached XP level 5. HP: 39/39 MP: 9/12
  3527 | D:4      | Noticed an ogre
  3578 | D:3      | HP: 1/39 [orc priest (4)]
  3579 | D:3      | Reached skill level 5 in Spellcasting
  4119 | D:4      | Reached skill level 5 in Polearms
  4325 | D:4      | Reached XP level 6. HP: 45/46 MP: 6/13
  4772 | D:5      | Entered Level 5 of the Dungeon
  5047 | D:5      | Found a glowing golden altar of the Shining One.
  5159 | D:5      | Slain by a centaur

Vault maps used:
D:1:      dpeg_arrival_concentric_ovals, lemuel_old_faithful
D:2:      lemuel_zombie_altar_yredelemnul
D:3:      first_bread, corexii_item_surrounded_by_moat, grunt_ministairs_2,
          hangedman_decor_opposing
D:5:      cheibrodos_iron_armory, fedhas_altar_3, nicolae_tso_besieged_by_evil,
          basic_altar, nicolae_ru_the_path_less_chosen, uniq_prince_ribbit1

Skill      XL: |  1  2  3  4  5  6 |
---------------+-------------------+-----
Polearms       | 3 4 5 |  5.6
Spellcasting   | 4 5 |  5.0
Charms         | 5 |  5.0
Necromancy     | 1 3 4 |  4.2
Hexes          | 1 2 3 |  3.6
Fighting       | |  2.6
Armour         | |  1.3
Dodging        | |  2.6

Action                   |  1- 3 |  4- 6 || total
-------------------------+-------+-------++-------
Melee: Spear             |   166 |   209 ||   375
 Cast: Infusion          |     5 |     8 ||    13
       Spectral Weapon   |       |     6 ||     6
       Regeneration      |       |     3 ||     3
  Use: Scroll            |       |     8 ||     8
 Stab: Sleeping          |     1 |       ||     1
       Distracted        |       |     2 ||     2
  Eat: Chunk             |     3 |    10 ||    13
Armor: Leather armour    |    23 |       ||    23
       Ring mail         |    14 |    66 ||    80
Dodge: Dodged            |    79 |   109 ||   188
